 Dungeon Crawl Stone Soup version 0.28-a0-732-g75e6d9beac (webtiles) character file.

Game seed: 4294552192272385011

11893 Ijustatesigmund the Covert (level 11, -2/89 HPs)
             Began as a Gnoll Delver on Oct 29, 2021.
             Was a Priest of Cheibriados.
             Slain by Snorg (15 damage)
             ... on level 11 of the Dungeon.
             The game lasted 00:35:06 (12525 turns).

Ijustatesigmund the Covert (Gnoll Delver)          Turns: 12525, Time: 00:35:07

Health: -2/89      AC: 17    Str: 15    XL:     11   Next: 84%
Magic:  16/21      EV: 18    Int: 20    God:    Cheibriados [***...]
Gold:   573        SH: 14    Dex: 22    Spells: 20/23 levels left

rFire   . . .      SeeInvis .   u - +3 hand axe (vorpal)
rCold   . . .      Faith    .   k - +2 buckler {reflect}
rNeg    . . .      Spirit   .   f - +1 troll leather armour
rPois   .          Reflect  +   q - +1 helmet
rElec   .          Harm     .   o - +1 cloak
rCorr   +          Rampage  .   (no gloves)
Will    +....                   v - +5 pair of boots of the Storm King {Will+ rCorr Str-5}
Stlth   +++++.....              s - amulet of reflection
HPRegen 1.24/turn               (no ring)
MPRegen 0.17/turn               (no ring)

@: very slow
A: fangs 1, strong nose, distributed training
a: Renounce Religion, Bend Time, Temporal Distortion


You were on level 11 of the Dungeon.
You worshipped Cheibriados.
Cheibriados was most pleased with you.
You visited 3 branches of the dungeon, and saw 14 of its levels.

You collected 687 gold pieces.
You spent 114 gold pieces at shops.

Inventory:

Hand Weapons
 a - a +0 broad axe
 u - a +3 vorpal hand axe (weapon)
 y - a +2 hand axe of flaming
Missiles
 j - 7 boomerangs (quivered)
 A - 2 throwing nets
Armour
 f - a +1 troll leather armour (worn)
 k - a +2 buckler of reflection (worn)
 o - a +1 cloak (worn)
 q - a +1 helmet (worn)
 v - the +5 pair of boots of the Storm King (worn) {Will+ rCorr Str-5}
   (You found it on level 4 of the Dungeon)

   Str:       It affects your strength (-5).
   rCorr:     It protects you from acid and corrosion.
   Will:      It increases your willpower.
Jewellery
 s - an amulet of reflection (around neck)
Wands
 g - a wand of digging (2)
 w - a wand of polymorph (3)
 B - a wand of acid (9)
Scrolls
 c - 2 scrolls of fog
 d - 3 scrolls of magic mapping
 l - 6 scrolls of identify
 x - 3 scrolls of teleportation
 z - a scroll of enchant weapon
 D - a scroll of immolation
Potions
 b - a potion of might
 h - 4 potions of curing
 m - a potion of mutation
 n - a potion of brilliance
 p - 2 potions of lignification
 r - a potion of cancellation
 C - a potion of flight
Miscellaneous
 i - a phantom mirror (inert)


   Skills:
 + Level 9.4 Fighting
 + Level 6.6 Short Blades
 + Level 6.6 Long Blades
 + Level 8.2 Axes
 + Level 6.6 Maces & Flails
 + Level 6.6 Polearms
 + Level 6.6 Staves
 + Level 6.6 Slings
 + Level 6.6 Bows
 + Level 6.6 Crossbows
 + Level 6.6 Throwing
 + Level 6.6 Armour
 + Level 8.2 Dodging
 + Level 11.6 Stealth
 + Level 6.6 Shields
 + Level 6.6 Unarmed Combat
 + Level 6.6 Spellcasting
 + Level 5.5 Conjurations
 + Level 5.5 Hexes
 + Level 5.5 Summonings
 + Level 5.5 Necromancy
 + Level 5.5 Translocations
 + Level 5.5 Transmutations
 + Level 5.5 Fire Magic
 + Level 5.5 Ice Magic
 + Level 5.5 Air Magic
 + Level 5.5 Earth Magic
 + Level 5.5 Poison Magic
 + Level 7.3 Invocations
 + Level 6.6 Evocations


You had 20 spell levels left.
You knew the following spells:

 Your Spells              Type           Power      Damage    Failure   Level
a - Dazzling Flash        Conj/Hex       56%        N/A       3%          3

Your spell library contained the following spells:

 Spells                   Type           Power      Damage    Failure   Level
 Freeze                   Ice            100%       1d11      1%          1
 Frozen Ramparts          Ice            56%        1d7       3%          3
 Hailstorm                Conj/Ice       28%        3d8       12%         4
 Agony                    Necr           28%        N/A       32%         5
 Silence                  Hex/Air        14%        N/A       32%         5


Dungeon Overview and Level Annotations

Branches:
Dungeon (12/15)            Temple (1/1) D:4            Lair (1/6) D:10
    Orc (0/2) D:11

Altars:
Ashenzari
Cheibriados
Dithmenos
Fedhas
Hepliaklqana
Kikubaaqudgha
Makhleb
Nemelex Xobeh
Qazlal
Ru
Sif Muna
Trog
Vehumet
Wu Jian
Xom
Yredelemnul
Zin
The Shining One
Beogh

Shops:
D:1 !*=*=

Annotations:
D:5 Duvessa
D:11 Snorg
Lair:1 exclusion: oklob plant


Innate Abilities, Weirdness & Mutations

You have very sharp teeth.
Your uncanny sense of smell can sniff out nearby items.
Your experience applies equally to all skills.


Message History

You assume a fearsome visage.
Snorg is unaffected.
The komodo dragon looks frightened!
Snorg bites you.
* * * LOW HITPOINT WARNING * * *
Snorg misses you. Snorg closely misses you.
You can feel time thicken for a moment.
You can no longer inflict damage on those overly hasty.
Cheibriados lowers the support of your attributes as your movement quickens.
Snorg bites you.
* * * LOW HITPOINT WARNING * * *
You block Snorg's attack. x2; Snorg misses you.
Snorg claws you!
* * * LOW HITPOINT WARNING * * *
Snorg barely misses you.
Aiming: Paralyse
Press: ? - help, Shift-Dir - straight line, f - Snorg
Aim: Snorg (moderately wounded, berserk, chance to affect: 31%)
Okay, then.
Okay, then.
Aiming: Corrosive Bolt
Press: ? - help, Shift-Dir - straight line, f - Snorg
Aim: Snorg (moderately wounded, berserk, 74% to hit)
The bolt of acid hits Snorg!!
The acid corrodes Snorg!
Snorg is heavily wounded.
You block Snorg's attack. x2; Snorg misses you.
Aiming: Paralyse
Press: ? - help, Shift-Dir - straight line, f/p - Snorg
Aim: Snorg (heavily wounded, berserk, covered in acid, chance to affect: 31%) Snorg easily resists.
You block Snorg's attack. Snorg claws you but does no damage.
Snorg closely misses you.
You block Snorg's attack. x2; Snorg misses you.
Aiming: Paralyse
Press: ? - help, Shift-Dir - straight line, f/p - Snorg
Aim: Snorg (moderately wounded, berserk, covered in acid, chance to affect: 31%) Snorg easily resists.
The now-empty wand crumbles to dust.
Snorg misses you. You block Snorg's attack. x2
Aiming: Phantom Mirror
Press: ? - help, Dir - move target, f/p - Snorg
Aim: Snorg (moderately wounded, berserk, covered in acid)
You reflect Snorg with the mirror!
The mirror clouds!
You block Snorg's attack. Snorg claws you!
You die...

.......# #..............#.#
#... .......#
#..............#.# #...
.......# #......###.#+###.#
#... .......# #......# #.#.#
#.####... ..#'######......#
#.#.# #........
..#.....<'......# #.#.#
#........ ..########......#
#.#.# #........ ..#
##......###.#.# #........ ..#
#.l.....@...#.# #.####...
..#######........TT...# #.#
#... ........#.......#######
#.# #### ...####.#.#.......#
#.# ...#....#.#.#####.# #.#
...##.#.#.#.....#.#######.###
...##.#.#.#.###.#.#.........#
......#.#.#.....#.#.........#
##.####.#.#.....#.#.........#


You could see Snorg (berserk, corroded, ally target), a komodo dragon (fleeing)
and the friendly Snorg (summoned, berserk, corroded, drained).

Vanquished Creatures
  3 two-headed ogres
  A cyclops (D:11)
  Joseph (D:10)
  2 kobold demonologists (D:8)
  2 cane toads (Lair:1)
  2 komodo dragons (Lair:1)
  A troll (D:9)
  2 meliai zombies
  2 wraiths
  12 yaks
  A vampire (D:11)
  Sigmund (D:5)
  A golden eye (D:6)
  4 vampire mosquitoes (D:11)
  2 steam dragons
  3 wargs
  2 water moccasins
  2 sky beasts
  An ice beast (D:4)
  An orc warrior (D:11)
  An ogre (D:7)
  5 centaurs
  2 kobold brigands
  6 bullfrogs
  2 gnoll sergeants
  A water moccasin zombie (D:6)
  A scorpion (D:6)
  A water moccasin skeleton (D:5)
  Dowan (D:5)
  6 killer bees (D:8)
  5 wights (D:8)
  3 howler monkeys (D:9)
  A bullfrog zombie (D:6)
  A centaur zombie (D:6)
  3 jellies
  10 orc priests
  3 hounds
  2 centaur skeletons
  Ijyb (D:4)
  4 iguanas
  10 orc wizards
  A killer bee zombie (D:5)
  2 adders
  10 gnolls
  A howler monkey skeleton (D:4)
  A shadow imp (D:8)
  An ufetubus (D:5)
  2 adder skeletons (D:4)
  A worm (D:2)
  22 orcs
  6 bats
  5 endoplasms
  2 giant cockroaches
  9 hobgoblins
  2 jackals (D:4)
  10 kobolds
  3 quokkas
  2 ball pythons (D:2)
  A frilled lizard (D:3)
  2 goblins
  7 rats
205 creatures vanquished.

Vanquished Creatures (others)
  An orc wizard (D:6)
  7 plants (D:1)
8 creatures vanquished.

Grand Total: 213 creatures vanquished

Notes
Turn   | Place    | Note
-------+----------+-------------------------------------------
     0 | D:5      | Reached skill level 9 in Stealth
     0 | D:5      | Ijustatesigmund the Gnoll Delver began the quest for the
                  | Orb.
     0 | D:5      | Reached XP level 1. HP: 23/23 MP: 1/1
   172 | D:4      | Reached XP level 2. HP: 24/29 MP: 2/2
   306 | D:4      | Found a shadowy altar of Dithmenos.
   492 | D:4      | Noticed an ice beast
   714 | D:4      | Reached skill level 1 in Invocations
   714 | D:4      | Reached XP level 3. HP: 22/35 MP: 2/4
   811 | D:4      | Reached skill level 1 in Short Blades
   811 | D:4      | Reached skill level 1 in Long Blades
   811 | D:4      | Reached skill level 1 in Maces & Flails
   811 | D:4      | Reached skill level 1 in Polearms
   811 | D:4      | Reached skill level 1 in Staves
   811 | D:4      | Reached skill level 1 in Slings
   811 | D:4      | Reached skill level 1 in Bows
   811 | D:4      | Reached skill level 1 in Crossbows
   811 | D:4      | Reached skill level 1 in Throwing
   811 | D:4      | Reached skill level 1 in Armour
   811 | D:4      | Reached skill level 1 in Shields
   811 | D:4      | Reached skill level 1 in Unarmed Combat
   811 | D:4      | Reached skill level 1 in Spellcasting
   811 | D:4      | Reached skill level 1 in Evocations
   912 | D:3      | Reached XP level 4. HP: 30/41 MP: 5/5
  1093 | D:1      | Reached skill level 1 in Conjurations
  1093 | D:1      | Reached skill level 1 in Hexes
  1093 | D:1      | Reached skill level 1 in Summonings
  1093 | D:1      | Reached skill level 1 in Necromancy
  1093 | D:1      | Reached skill level 1 in Translocations
  1093 | D:1      | Reached skill level 1 in Transmutations
  1093 | D:1      | Reached skill level 1 in Fire Magic
  1093 | D:1      | Reached skill level 1 in Ice Magic
  1093 | D:1      | Reached skill level 1 in Air Magic
  1093 | D:1      | Reached skill level 1 in Earth Magic
  1093 | D:1      | Reached skill level 1 in Poison Magic
  1236 | D:1      | Found Tecy's Distillery.
  1273 | D:1      | Found Sayhotat's Assorted Antiques.
  1310 | D:1      | Bought a scroll labelled BOEGGO FEY for 22 gold pieces
  1310 | D:1      | Bought a scroll labelled COANTAZUEL for 22 gold pieces
  1385 | D:1      | Found Nes Miul's Jewellery Shoppe.
  1401 | D:1      | Found Runaes's Jewellery Shoppe.
  1497 | D:1      | Found Lymmips's General Store.
  1935 | D:2      | Reached XP level 5. HP: 43/47 MP: 6/6
  2890 | D:3      | Found a glowing golden altar of the Shining One.
  3177 | D:4      | Killed an ice beast
  3178 | D:4      | Reached XP level 6. HP: 53/53 MP: 8/8
  3180 | D:4      | Found a staircase to the Ecumenical Temple.
  3204 | Temple   | Entered the Ecumenical Temple
  3424 | Temple   | Became a worshipper of Cheibriados the Contemplative
  3469 | D:4      | Reached skill level 5 in Axes
  3469 | D:4      | Reached skill level 5 in Dodging
  3757 | D:4      | Identified the +5 pair of boots of the Storm King {Will+
                  | rCorr Str-5}
  3776 | D:4      | Noticed Ijyb
  3794 | D:4      | Killed Ijyb
  3913 | D:5      | Noticed Sigmund
  3925 | D:5      | Killed Sigmund
  3926 | D:5      | Reached XP level 7. HP: 42/59 MP: 10/10
  4022 | D:5      | Found a glowing silver altar of Zin.
  4735 | D:5      | Noticed Dowan
  4737 | D:5      | Noticed Duvessa
  4748 | D:5      | Killed Dowan
  4751 | D:5      | HP: 2/60 [Duvessa (13)]
  5136 | D:1      | Bought a potion of heal wounds for 50 gold pieces
  5136 | D:1      | Bought a scroll of identify for 20 gold pieces
  5497 | D:6      | Identified the +0 scale mail of the Heavens {Contam Rampage
                  | rElec SInv}
  5511 | D:6      | Reached skill level 10 in Stealth
  5852 | D:6      | Noticed a troll
  5853 | D:6      | Noticed a golden eye
  5853 | D:6      | a troll changed into a golden eye
  5860 | D:6      | Killed a golden eye
  5861 | D:6      | Reached XP level 8. HP: 67/67 MP: 8/12
  6009 | D:6      | Learned a level 3 spell: Dazzling Flash
  6036 | D:6      | Reached * piety under Cheibriados
  7245 | D:7      | Reached XP level 9. HP: 73/73 MP: 14/14
  7471 | D:7      | Reached ** piety under Cheibriados
  8229 | D:8      | Reached skill level 5 in Invocations
  8300 | D:8      | Reached *** piety under Cheibriados
  8445 | D:8      | Noticed a kobold demonologist
  8446 | D:8      | Noticed a kobold demonologist
  8452 | D:8      | Noticed a red devil
  8457 | D:8      | Identified a scroll of acquirement
  8465 | D:8      | Noticed an ice devil
  8468 | D:8      | Killed a kobold demonologist
  8469 | D:8      | Reached XP level 10. HP: 41/80 MP: 14/17
  8472 | D:8      | Killed a kobold demonologist
  8640 | D:8      | Reached skill level 5 in Short Blades
  8640 | D:8      | Reached skill level 5 in Long Blades
  8640 | D:8      | Reached skill level 5 in Maces & Flails
  8640 | D:8      | Reached skill level 5 in Polearms
  8640 | D:8      | Reached skill level 5 in Staves
  8640 | D:8      | Reached skill level 5 in Slings
  8640 | D:8      | Reached skill level 5 in Bows
  8640 | D:8      | Reached skill level 5 in Crossbows
  8640 | D:8      | Reached skill level 5 in Throwing
  8640 | D:8      | Reached skill level 5 in Armour
  8640 | D:8      | Reached skill level 5 in Shields
  8640 | D:8      | Reached skill level 5 in Unarmed Combat
  8640 | D:8      | Reached skill level 5 in Spellcasting
  8640 | D:8      | Reached skill level 5 in Evocations
  8655 | D:8      | Acquired a +1 buckler of reflection
  8990 | D:8      | Reached skill level 11 in Stealth
  9288 | D:9      | Reached **** piety under Cheibriados
  9491 | D:9      | Noticed a two-headed ogre
  9505 | D:9      | Killed a two-headed ogre
  9774 | D:10     | Entered Level 10 of the Dungeon
  9803 | D:10     | Noticed Joseph
  9804 | D:10     | Found a staircase to the Lair.
  9845 | D:9      | Reached XP level 11. HP: 87/87 MP: 19/19
  9977 | D:10     | Noticed a two-headed ogre
  9995 | D:10     | Killed a two-headed ogre
 10037 | D:10     | Reached skill level 5 in Conjurations
 10037 | D:10     | Reached skill level 5 in Hexes
 10037 | D:10     | Reached skill level 5 in Summonings
 10037 | D:10     | Reached skill level 5 in Necromancy
 10037 | D:10     | Reached skill level 5 in Translocations
 10037 | D:10     | Reached skill level 5 in Transmutations
 10037 | D:10     | Reached skill level 5 in Fire Magic
 10037 | D:10     | Reached skill level 5 in Ice Magic
 10037 | D:10     | Reached skill level 5 in Air Magic
 10037 | D:10     | Reached skill level 5 in Earth Magic
 10037 | D:10     | Reached skill level 5 in Poison Magic
 10061 | D:10     | Noticed a two-headed ogre
 10138 | D:10     | Killed Joseph
 10407 | D:10     | Killed a two-headed ogre
 10456 | D:10     | Found an ancient bone altar of Kikubaaqudgha.
 10571 | D:11     | Found a staircase to the Orcish Mines.
 11022 | D:11     | Identified the +1 robe of Wegot {Will+ SInv}
 11070 | D:11     | Noticed a cyclops
 11082 | D:11     | Killed a cyclops
 11508 | D:12     | Noticed a deep elf pyromancer
 11549 | Lair:1   | Entered Level 1 of the Lair of Beasts
 11841 | Lair:1   | Noticed an oklob plant
 12428 | D:12     | Noticed a phantasmal warrior
 12511 | D:12     | Noticed Snorg
 12525 | D:11     | Slain by Snorg

Illustrated notes

Levels and vault maps discovered:
D:1:      amcnicky_arrival_blooded_trapdoor, layout_basic, serial_shops,
          nicolae_square_shop, nicolae_shop_overgrown_old_shop,
          nicolae_shop_waterfront, shop, nicolae_shop_crystal,
          kennysheep_decorative_pillar, kennysheep_doodads,
          minmay_misc_feat_room
D:2:      layout_basic, serial_park_tiny_2, minmay_door_square,
          minmay_strange_pillars
D:3:      layout_basic, old_standard_altar
D:4:      layout_gridville, nicolae_dithmenos_through_a_glass_darkly,
          minmay_temple_entry_statues_pillars,
          hangedman_abyss_or_decor_lesser_grid, moated_statue,
          kennysheep_generic_room_13, uniq_ijyb
D:5:      layout_loops_corners, mainiacjoe_overflow_paths, minitemple,
          uniq_eustachio, uniq_duvessa, uniq_sigmund, uniq_crazy_yiuf_cottage
D:6:      layout_basic
D:7:      layout_gridville, david_defended_altar_orc
D:8:      layout_basic
D:9:      layout_stronghold, glass_columns_c, nrook_mini_backslash
D:10:     layout_rooms, lemuel_doored_altar, erik_lair_orcish_takeover,
          due_unseen_surprise, uniq_joseph
D:11:     layout_basic, orc_0_dummy
D:12:     layout_cave_pools, uniq_snorg
Temple:   dpeg_chambers_temple
Lair:1:   layout_regular_city, minmay_lair_oklob_bushes

Skill      XL: |  1  2  3  4  5  6  7  8  9 10 11 |
---------------+----------------------------------+-----
Stealth        | 10 11 | 11.6
Invocations    | 1 2 3 4 5 6 7 |  7.3
Short Blades   | 1 2 3 4 5 6 |  6.6
Long Blades    | 1 2 3 4 5 6 |  6.6
Maces & Flails | 1 2 3 4 5 6 |  6.6
Polearms       | 1 2 3 4 5 6 |  6.6
Staves         | 1 2 3 4 5 6 |  6.6
Slings         | 1 2 3 4 5 6 |  6.6
Bows           | 1 2 3 4 5 6 |  6.6
Crossbows      | 1 2 3 4 5 6 |  6.6
Throwing       | 1 2 3 4 5 6 |  6.6
Armour         | 1 2 3 4 5 6 |  6.6
Shields        | 1 2 3 4 5 6 |  6.6
Unarmed Combat | 1 2 3 4 5 6 |  6.6
Spellcasting   | 1 2 3 4 5 6 |  6.6
Evocations     | 1 2 3 4 5 6 |  6.6
Conjurations   | 1 2 3 4 5 |  5.5
Hexes          | 1 2 3 4 5 |  5.5
Summonings     | 1 2 3 4 5 |  5.5
Necromancy     | 1 2 3 4 5 |  5.5
Translocations | 1 2 3 4 5 |  5.5
Transmutations | 1 2 3 4 5 |  5.5
Fire Magic     | 1 2 3 4 5 |  5.5
Ice Magic      | 1 2 3 4 5 |  5.5
Air Magic      | 1 2 3 4 5 |  5.5
Earth Magic    | 1 2 3 4 5 |  5.5
Poison Magic   | 1 2 3 4 5 |  5.5
Axes           | 5 6 7 8 |  8.2
Dodging        | 5 6 7 8 |  8.2
Fighting       | 7 8 9 |  9.4

Action                   |  1- 3 |  4- 6 |  7- 9 | 10-12 || total
-------------------------+-------+-------+-------+-------++-------
Melee: Hand axe          |    60 |   122 |   509 |   430 ||  1121
       Bite              |     3 |    11 |    57 |    68 ||   139
       Unarmed           |       |    10 |       |       ||    10
       Punch             |       |       |     2 |       ||     2
Throw: Boomerang         |       |     1 |    15 |     7 ||    23
       Javelin           |       |       |     2 |       ||     2
 Cast: Dazzling Flash    |       |       |     1 |     6 ||     7
Invok: Bend Time         |       |       |     4 |       ||     4
       Slouch            |       |       |       |     2 ||     2
Evoke: Wand              |       |       |     3 |    17 ||    20
       Phantom mirror    |       |       |       |     1 ||     1
  Use: Scroll            |     2 |     8 |     7 |     8 ||    25
       Potion            |       |       |     2 |     1 ||     3
 Stab: Sleeping          |     4 |       |     9 |     7 ||    20
       Confused          |       |     3 |       |       ||     3
       Distracted        |       |       |     3 |       ||     3
       Invisible         |       |       |     1 |     4 ||     5
       Fleeing           |       |       |     1 |       ||     1
       Paralysed         |       |       |       |    25 ||    25
Armor: Leather armour    |    10 |     4 |       |       ||    14
       Chain mail        |       |    62 |    85 |       ||   147
       Troll leather arm |       |       |   149 |    91 ||   240
Dodge: Dodged            |    40 |    35 |   202 |   248 ||   525
Block: Other             |       |     5 |    57 |       ||    62
       Kite shield       |       |       |   285 |     8 ||   293
       Reflection        |       |       |     3 |    18 ||    21
       Buckler           |       |       |       |   303 ||   303

Table legend: (Time is in decaauts)
 A = Elapsed time spent in this place.
 B = Non-inter-level travel time spent in this place.
 C = Inter-level travel time spent in this place.
 D = Time resting spent in this place.
 E = Time spent auto-exploring this place.
 F = Levels seen in this place.
 G = Mean time per level.
                   A        B        C        D        E       F      G
               +--------+--------+--------+--------+--------+-----+--------+
         Total |  15795 |  14763 |   1032 |   1969 |   9398 |  14 | 1128.2 |
       Dungeon |  14170 |  13244 |    926 |   1951 |   8222 |  12 | 1180.8 |
        Temple |    247 |    205 |     42 |      0 |    191 |   1 |  247.0 |
          Lair |   1377 |   1315 |     62 |     18 |    984 |   1 | 1377.0 |
               +--------+--------+--------+--------+--------+-----+--------+

Top non-repeatable levels by time:
     D:6: 1894 daAuts
     D:8: 1641 daAuts
     D:4: 1631 daAuts
    D:11: 1614 daAuts
     D:5: 1450 daAuts
  Lair:1: 1377 daAuts
     D:9: 1375 daAuts
     D:7: 1023 daAuts
    D:10: 1019 daAuts
     D:3: 929 daAuts
     D:2: 912 daAuts
     D:1: 643 daAuts
  Temple: 247 daAuts
    D:12: 34 daAuts
